Map: [ESL] Alcyone

Players

SKillous - Winner!

  • Race: Protoss Protoss
  • Spawn Location: 1:00

Strange

  • Race: Protoss Protoss
  • Spawn Location: 7:00

Event: ESL SC2 Masters 2024 Spring (Regional)

VOD

Have the link to the VOD?

Description

Time

  • Played on: April 21, 2024, 12:02 p.m.
  • Length: 14:49

All games in this series

Show
View Real Time Build Order
Export as new Build Order

SKillous Protoss - Winner!

Build Orders: Oracle Opening, Blink Stalkers 

Get SALT Encoding   

  12  0:00  Probe  
  13  0:12  Probe  
  14  0:17  Pylon  
  14  0:24  Probe  
  15  0:36  Probe (Chrono Boost), Gateway  
  16  0:45  Assimilator, Probe (Chrono Boost)  
  17  0:50  Probe (Chrono Boost)  
  17  0:54  Assimilator  
  18  1:03  Probe (Chrono Boost)  
  19  1:08  Gateway  
  19  1:13  Probe (Chrono Boost)  
  19  1:17  Probe (Chrono Boost)  
  20  1:25  Cybernetics Core  
  21  1:29  Probe  
  22  1:33  Pylon  
  22  1:41  Probe  
  23  1:53  Probe  
  24  2:01  Warp Gate, Adept x2  
  28  2:07  Pylon  
  28  2:15  Stargate  
  28  2:18  Probe  
  29  2:30  Probe, Adept  
  29  2:35  Adept  
  34  2:56  Oracle (Chrono Boost)  
  37  3:08  Nexus  
  38  3:16  Pylon  
  38  3:17  Probe  
  38  3:26  Twilight Council  
  38  3:34  Probe  
  39  3:35  Oracle (Chrono Boost)  
  42  3:46  Probe  
  43  3:58  Blink (Chrono Boost), Probe  
  44  4:10  Probe  
  44  4:13  Gateway  
  45  4:18  Gateway  
  45  4:21  Probe  
  45  4:22  Probe  
  47  4:31  Stalker  
  47  4:34  Probe  
  50  4:38  Stalker  
  50  4:39  Probe  
  53  4:46  Probe  
  53  4:51  Probe  
  55  4:54  Assimilator  
  55  4:56  Stalker  
  55  4:58  Probe  
  58  5:03  Probe  
  59  5:07  Pylon  
  59  5:10  Probe  
  60  5:15  Probe  
  61  5:23  Pylon, Probe  
  61  5:27  Stalker x3  
  68  5:30  Stalker  
  70  5:38  Pylon  
  70  5:48  Nexus  
  70  5:53  Stalker x2  
  74  6:03  Charge (Chrono Boost), Stalker x2  
  78  6:10  Probe  
  79  6:12  Forge  
  79  6:15  Probe  
  80  6:23  Stalker x2  
  76  6:30  Probe  
  77  6:38  Probe  
  78  6:40  Shield Battery  
  78  6:41  Pylon, Protoss Ground Weapons Level 1 (Chrono Boost), Shield Battery  
  78  6:42  Probe  
  79  6:50  Probe  
  78  6:56  Stalker x3  
  78  7:00  Photon Cannon  
  84  7:02  Probe x3  
  87  7:14  Stalker, Probe x3  
  92  7:17  Robotics Facility  
  92  7:18  Pylon  
  92  7:26  Probe (Chrono Boost)  
  95  7:32  Probe x2 (Chrono Boost)  
  95  7:35  Gateway  
  95  7:36  Gateway  
  95  7:37  Gateway  
  95  7:38  Gateway  
  95  7:48  Pylon  
  95  7:50  Probe  
  96  7:58  Probe  
  96  8:01  Observer (Chrono Boost)  
  96  8:02  Stalker x3  
  96  8:05  Nexus  
  104  8:06  Pylon  
  104  8:07  Stalker  
  106  8:15  Pylon  
  106  8:18  Warp Prism (Chrono Boost), Gateway  
  106  8:19  Gateway  
  106  8:26  Protoss Ground Weapons Level 2 (Chrono Boost)  
  108  8:32  Stalker x4  
  116  8:48  Stalker  
  116  8:49  Stalker x3  
  124  9:00  Observer  
  124  9:04  Probe, Gateway  
  124  9:05  Probe x2  
  124  9:07  Gateway  
  127  9:14  Zealot  
  127  9:15  Zealot x3  
  135  9:18  Observer  
  135  9:21  Stalker x3  
  142  9:40  Probe  
  142  9:41  Pylon, Probe x3  
  146  9:47  Pylon  
  142  9:57  Zealot x7  
  156  10:01  Pylon  
  156  10:03  Zealot x4  
  156  10:05  Pylon  
  160  10:18  Protoss Ground Weapons Level 3 (Chrono Boost)  
  160  10:20  Zealot x2  
  160  10:21  Zealot x2  
  168  10:22  Zealot x4  
  168  10:26  Pylon  
  176  10:31  Nexus  
  176  10:33  Pylon  
  170  10:55  Zealot x7  
  170  10:56  Zealot x2  
  182  11:06  Zealot x3  
  165  11:14  Gateway  
  165  11:17  Zealot x3  
  165  11:18  Zealot x6  
  171  11:22  Stalker x9  
  147  11:34  Shield Battery x2  
  147  11:36  Shield Battery x2  
  147  11:37  Pylon  
  147  11:38  Zealot  
  147  11:39  Zealot x2  
  149  11:41  Photon Cannon  
  147  11:48  Zealot  
  147  12:00  Gateway  
  137  12:03  Zealot x5  
  137  12:04  Zealot x6  
  151  12:19  Stalker  
  151  12:20  Stalker  
  141  12:23  Stalker x4  
  141  12:24  Stalker x6  
  138  12:38  Stalker  
  135  12:45  Stalker x2  
  135  12:46  Stalker x4  
  138  12:58  Sentry x2  
  115  13:20  Zealot x2, Stalker x3  
  115  13:21  Zealot  
  120  13:41  Zealot x5  
  126  13:53  Zealot x4  
  113  14:09  Zealot x4  
  93  14:24  Zealot  
Show
View Real Time Build Order
Export as new Build Order

Strange Protoss 

Build Orders: Phoenix Opening, Blink Stalkers 

Get SALT Encoding   

  12  0:00  Probe  
  13  0:12  Probe  
  14  0:16  Pylon  
  14  0:24  Probe (Chrono Boost)  
  15  0:36  Probe (Chrono Boost)  
  15  0:37  Gateway  
  16  0:44  Probe (Chrono Boost)  
  16  0:46  Assimilator  
  17  0:51  Probe  
  17  0:54  Assimilator  
  18  1:03  Probe (Chrono Boost)  
  19  1:07  Gateway  
  19  1:12  Probe (Chrono Boost)  
  19  1:17  Probe (Chrono Boost)  
  20  1:23  Cybernetics Core  
  21  1:29  Probe  
  22  1:33  Pylon  
  22  1:41  Probe  
  23  1:53  Probe  
  24  2:00  Sentry, Stalker  
  28  2:04  Warp Gate (Chrono Boost)  
  28  2:05  Probe  
  29  2:13  Pylon  
  29  2:18  Probe  
  30  2:23  Pylon  
  30  2:31  Sentry, Stalker  
  30  2:37  Phoenix  
  34  2:47  Nexus  
  34  2:52  Probe  
  35  3:00  Twilight Council  
  35  3:05  Probe  
  36  3:12  Pylon  
  36  3:13  Sentry  
  38  3:20  Probe  
  39  3:28  Blink (Chrono Boost)  
  39  3:29  Shield Battery  
  39  3:33  Probe  
  40  3:45  Stalker  
  40  3:47  Probe  
  43  3:59  Forge  
  43  4:01  Stalker  
  43  4:04  Probe  
  44  4:11  Stalker  
  44  4:12  Probe  
  44  4:16  Probe  
  48  4:24  Probe  
  48  4:25  Stalker  
  48  4:26  Protoss Ground Weapons Level 1 (Chrono Boost)  
  48  4:28  Probe  
  52  4:36  Probe  
  53  4:40  Pylon  
  53  4:50  Gateway  
  53  4:55  Probe  
  53  4:58  Probe  
  55  5:00  Stalker  
  55  5:05  Stalker  
  59  5:09  Probe  
  59  5:12  Pylon  
  60  5:19  Robotics Facility  
  60  5:27  Assimilator  
  60  5:39  Stalker  
  60  5:40  Pylon, Stalker  
  60  5:41  Pylon  
  60  5:42  Probe  
  65  5:44  Probe  
  65  5:52  Pylon  
  65  5:54  Probe  
  66  5:57  Probe  
  66  6:01  Pylon  
  66  6:02  Observer  
  67  6:07  Stalker x2  
  67  6:10  Stalker  
  74  6:14  Pylon  
  72  6:20  Probe  
  72  6:21  Probe  
  72  6:23  Observer  
  72  6:31  Protoss Ground Weapons Level 2 (Chrono Boost)  
  72  6:36  Probe  
  72  6:39  Assimilator  
  73  6:42  Probe  
  74  6:48  Probe  
  74  6:52  Stalker x3  
  79  7:02  Probe x2  
  79  7:07  Pylon, Nexus  
  81  7:14  Probe  
  82  7:16  Probe  
  82  7:21  Immortal (Chrono Boost)  
  83  7:26  Probe  
  83  7:27  Sentry x2, Shield Battery  
  83  7:28  Probe  
  93  7:38  Probe  
  93  7:40  Probe  
  93  7:50  Probe  
  94  7:52  Probe, Gateway  
  94  7:53  Gateway  
  94  7:54  Gateway  
  95  8:02  Probe  
  95  8:04  Probe  
  97  8:06  Observer  
  97  8:08  Immortal  
  101  8:14  Probe  
  101  8:16  Resonating Glaives (Chrono Boost), Probe  
  101  8:19  Probe  
  104  8:25  Photon Cannon  
  104  8:26  Probe  
  105  8:28  Probe  
  105  8:30  Protoss Ground Weapons Level 3 (Chrono Boost)  
  105  8:31  Probe  
  107  8:35  Pylon  
  107  8:46  Gateway x2  
  107  8:48  Immortal  
  111  8:54  Stalker x3  
  117  9:01  Pylon  
  117  9:04  Observer  
  117  9:06  Stalker  
  117  9:07  Stalker x2  
  121  9:10  Observer  
  121  9:16  Assimilator  
  121  9:20  Immortal  
  125  9:32  Pylon  
  125  9:37  Stalker x4  
  130  9:51  Charge (Chrono Boost)  
  130  9:57  Stalker x3  
  130  9:58  Warp Prism  
  138  10:01  Adept x4  
  146  10:16  Pylon  
  146  10:17  Pylon  
  146  10:23  Assimilator, Templar Archives  
  146  10:38  Pylon  
  145  10:47  Stalker x2  
  149  10:53  Pylon  
  149  10:55  Pylon  
  143  10:58  Adept x4  
  142  11:08  Adept x2  
  142  11:09  Probe  
  142  11:10  Probe x2  
  126  11:17  Observer, Adept x2  
  120  11:19  Stalker x4  
  120  11:22  Probe x3  
  109  11:34  Probe x3  
  109  11:35  Sentry x2  
  114  11:46  Stalker, Probe x3  
  115  11:58  Probe  
  114  12:05  Adept x3  
  114  12:07  Adept  
  122  12:12  Sentry x2  
  124  12:17  Adept  
  79  12:59  Stalker x4  
Tags
 
Add a new tag
Caveats
  • Supply blocks, unpowered buildings, or Contaminate may cause inaccurate times.
  • Supply counts are checked every 10 seconds.